 Dungeon Crawl Stone Soup version 0.26-a0-520-g952f204493 (webtiles) character file.

Game seed: 9972859781171710243

67 ANON1729 the Insei (level 3, 0/40 HPs)
             Began as a Demonspawn Transmuter on Aug 12, 2020.
             Succumbed to an adder's poison
             ... on level 2 of the Dungeon.
             The game lasted 00:02:57 (1325 turns).

ANON1729 the Insei (Demonspawn Transmuter)          Turns: 1325, Time: 00:02:58

Health: 0/40       AC: 21    Str:  7 (10) XL:     3   Next: 98%
Magic:  5/6        EV:  2    Int: 15      God:
Gold:   30         SH:  0    Dex: 10 (13) Spells: 0/6 levels left

rFire    . . .     SeeInvis .     - Unarmed
rCold    . . .     Faith    .   (no shield)
rNeg     + + +     Spirit   .   (armour currently unavailable)
rPois    +         Reflect  .   (helmet currently unavailable)
rElec    .         Harm     .   (cloak currently unavailable)
rCorr    .         NoTele   +   (gloves currently unavailable)
MR       .....                  (boots currently unavailable)
Stlth    +.........             (no amulet)
HPRegen  0.13/turn              (no ring)
MPRegen  0.10/turn              (no ring)

@: lethally poisoned (0 -> -3), tree-form
A: no striking features
a: no special abilities


You were on level 2 of the Dungeon.
You were a tree.
You visited 1 branch of the dungeon, and saw 2 of its levels.

You collected 30 gold pieces.

Inventory:

Armour
 a - a +0 robe (melded)
Scrolls
 c - 2 scrolls of magic mapping
 d - a scroll of identify {unknown}
 e - a scroll of enchant weapon {unknown}
 f - 3 scrolls of amnesia {unknown}
 g - a scroll of fear {unknown}
 i - a scroll of teleportation {unknown}
Potions
 b - a potion of lignification


   Skills:
 + Level 1.6 Fighting
 + Level 2.2 Dodging
 * Level 3.1 Unarmed Combat
 + Level 2.4 Spellcasting
 * Level 2.4 Transmutations
 + Level 0.5 Poison Magic


You couldn't memorise any spells.
You knew the following spells:

 Your Spells              Type           Power        Failure   Level
a - Beastly Appendage     Tmut           #.....       8%          1
b - Wereblood             Tmut           #.......     12%         2
c - Spider Form           Tmut/Pois      #.........   34%         3

Your spell library contained the following spells:

 Spells                   Type           Power        Failure   Level
 Ice Form                 Ice/Tmut       #.......     78%         4
 Blade Hands              Tmut           #.........   91%         5


Dungeon Overview and Level Annotations

Branches:
Dungeon (2/15)

Altars:


Innate Abilities, Weirdness & Mutations

((You are mostly covered in icy blue scales. (AC +3)))


Message History

Okay, then.
As you read the scroll labeled JYAR GAISO, it crumbles to dust.
You feel aware of your surroundings.
It was a scroll of magic mapping.
* * * LOW HITPOINT WARNING * * *
You feel sick.
Jessica mumbles some strange words.
Jessica blinks!
Jessica mumbles some strange words.
Jessica blinks!
* * * LOW HITPOINT WARNING * * *
You feel sick.
* * * LOW HITPOINT WARNING * * *
You feel sick.
You smack Jessica!
You kill Jessica!
You feel your intelligence returning.
Okay, then.
There is a lethal amount of poison in your body!
There is a lethal amount of poison in your body!
You die...

,,,,* *,,,,,****,*
,**,*** *** *,*,,,,,,*,*
,**,,,****,*##,###***,*,*
,,,,,,,,,#,*#..#..,,,,*,*
***,,,**,#.##..#.###*,*,*
***,***,,.,....#...**,*,*
,,,,* *,,#..#....(,,,,*,*
***** *,,........#,,*,*,*
**** *,,*,*#..)♣#,,,,,,*
,,,* *,,.............#,*
,,,****,,#..#...........*
,,,,,,,,,#,.........####*
,,,****,,...........#*,*
**,,,,*,,.......#####*,*
*****,**,.#..)..,*,,,,,*
,,,,,,,,,,#.....,*,***,*
,****,**,****,,,,,,* *,*


There were no monsters in sight!

Vanquished Creatures
  Jessica (D:2)
  An adder (D:2)
  A dart slug (D:1)
  2 leopard geckos (D:1)
  5 bats (D:1)
  A giant cockroach (D:1)
  A goblin (D:1)
  4 hobgoblins (D:1)
  2 frilled lizards (D:1)
  5 kobolds (D:1)
  7 rats (D:1)
30 creatures vanquished.

Notes
Turn   | Place    | Note
-------+----------+-------------------------------------------
     0 | D:1      | ANON1729 the Demonspawn Transmuter began the quest for the
                  | Orb.
     0 | D:1      | Reached XP level 1. HP: 15/15 MP: 3/3
   264 | D:1      | Gained mutation: You are partially covered in icy blue
                  | scales. (AC +2) [demonic ancestry]
   264 | D:1      | Reached XP level 2. HP: 16/21 MP: 5/5
   895 | D:1      | Gained mutation: You are mostly covered in icy blue scales.
                  | (AC +3) [demonic ancestry]
   895 | D:1      | Reached XP level 3. HP: 23/26 MP: 4/6
   911 | D:1      | Learned a level 2 spell: Wereblood
   915 | D:1      | Learned a level 3 spell: Spider Form
  1306 | D:2      | Noticed Jessica
  1319 | D:2      | Reached skill level 3 in Unarmed Combat
  1323 | D:2      | HP: 1/39 [poisoned by an adder]
  1324 | D:2      | Killed Jessica
  1325 | D:2      | Succumbed to an adder's poison

Illustrated notes

Levels and vault maps discovered:
D:1:      dpeg_arrival_stone_temple_mockup, layout_loops_ring, serial_forest,
          infiniplex_forest_clump_tiny, infiniplex_forest_straight_4,
          infiniplex_forest_clump_small, infiniplex_forest_straight_4,
          infiniplex_forest_zigzag_1, infiniplex_forest_end_3,
          infiniplex_forest_clump_large, infiniplex_forest_clump_medium,
          supply_closet_lemuel, minmay_strange_pillars
D:2:      layout_basic, st_stairs_3, uniq_jessica

Skill      XL: |  1  2  3 |
---------------+----------+-----
Dodging        | 2 |  2.2
Transmutations | 2 |  2.4
Unarmed Combat | 3 |  3.1
Fighting       | |  1.6
Spellcasting   | |  2.4
Poison Magic   | |  0.5

Action                   || total
-------------------------++-------
Melee: Unarmed           ||   106
       Headbutt          ||     5
       Kick              ||     5
       Punch             ||     1
 Cast: Beastly Appendage ||    11
       Spider Form       ||     1
  Use: Potion            ||     3
       Scroll            ||     1
 Stab: Sleeping          ||     2
Armor: Robe              ||    38
       Skin              ||     6
Dodge: Dodged            ||    75

Table legend: (Time is in decaauts)
 A = Elapsed time spent in this place.
 B = Non-inter-level travel time spent in this place.
 C = Inter-level travel time spent in this place.
 D = Time resting spent in this place.
 E = Time spent auto-exploring this place.
 F = Levels seen in this place.
 G = Mean time per level.
                   A        B        C        D        E       F      G
               +--------+--------+--------+--------+--------+-----+--------+
         Total |   1319 |   1278 |     41 |    367 |    634 |   2 |  659.5 |
       Dungeon |   1319 |   1278 |     41 |    367 |    634 |   2 |  659.5 |
               +--------+--------+--------+--------+--------+-----+--------+

Top non-repeatable levels by time:
     D:1: 1301 daAuts
     D:2: 18 daAuts
